Cogmind - Beta 12 --- EXPLORER MODE // 2024.02.06 @ 22:58:22 Player: Olexender Result: Destroyed by Y-45 Defender with Heavy Assault Rifle Performance ------------- Evolutions (2) 1000 Regions Visited (6) 1200 Robots Destroyed (59) 295 Value Destroyed (1879) 1879 Prototype IDs (7) 140 Alien Tech Used (0) 0 Bonus (66) 66 TOTAL SCORE: 4580 Bonus ------- High Alert Combat Kills 66 Cogmind --------- Core Integrity 0/550 Matter 300/300 Energy 94/100 System Corruption 1% Temperature Cool (9) Movement Walking (190) Ox1 Location -8/Storage Parts ------- > --- POWER (2) -------- (None) > --- PROPULSION (4) --- Aluminum Leg > --- UTILITY (4) ------ Medium Storage Unit > --- WEAPON (2) ------- Backup Laser I > --- INVENTORY (10) --- Light Nuclear Core Compact Battery (200) Compact Matter Pod (150) Matter Filter Improved Field Recycling Unit (0) Peak State ------------ > --- POWER ------------ Light Nuclear Core Light Nuclear Core > --- PROPULSION ------- Hover Unit Hover Unit Hover Unit Improved Hover Unit > --- UTILITY ---------- Weight Redist. System Matter Filter Propulsion Shielding Improved Field Recycling Unit > --- WEAPON ----------- Particle Gun Gauss Rifle > --- INVENTORY -------- Improved Hover Unit Improved Heat Sink Compact Battery Structural Scanner Mining Laser [Rating: 29] Favorites ----------- Power Light Ion Engine Engine Light Ion Engine Power Core Light Nuclear Core Propulsion Hover Unit Leg Aluminum Leg Hover Unit Hover Unit Flight Unit Cesium-ion Thruster Utility Propulsion Shielding Device Structural Scanner Storage Medium Storage Unit Processor Targeting Computer Protection Propulsion Shielding Weapon Light Assault Rifle Energy Gun Small Laser Ballistic Gun Light Assault Rifle Slashing Weapon Katana Build | -11 -10 -10 -10 -9 -8 -8 ------- Run | Jun Mat Min Exi Min Mat Sto Slots Evolved 5 | . 1 . . . 4 . Power 1 | . 1 . . . . . Propulsion 2 | . . . . . 2 . Utility 2 | . . . . . 2 . Weapon . | . . . . . . . Parts Attached 84 | 6 7 3 . 3 50 15 Power 18 | 1 1 1 . 2 9 4 Engine 14 | 1 1 1 . 2 5 4 Core 4 | . . . . . 4 . Reactor . | . . . . . . . Propulsion 33 | 2 3 . . 1 19 8 Treads . | . . . . . . . Leg 3 | 2 . . . . . 1 Wheel . | . . . . . . . Hover 16 | . 3 . . 1 9 3 Flight 14 | . . . . . 10 4 Utility 21 | 1 2 2 . . 15 1 Device 15 | . 1 2 . . 11 1 Storage 1 | . . . . . 1 . Processor 1 | . 1 . . . . . Hackware . | . . . . . . . Protection 4 | 1 . . . . 3 . Artifact . | . . . . . . . Weapon 12 | 2 1 . . . 7 2 Energy Gun 7 | . 1 . . . 4 2 Energy Cannon . | . . . . . . . Ballistic Gun 4 | 2 . . . . 2 . Ballistic Cannon . | . . . . . . . Launcher . | . . . . . . . Special Weapon . | . . . . . . . Impact Weapon . | . . . . . . . Slashing Weapon 1 | . . . . . 1 . Piercing Weapon . | . . . . . . . Special Melee Weapon . | . . . . . . . Unidentified Prototypes 5 | . . 1 . . 3 1 Parts Lost 27 | . 1 . . . 12 14 Power 8 | . 1 . . . 4 3 Propulsion 11 | . . . . . 4 7 Utility 5 | . . . . . 3 2 Weapon 3 | . . . . . 1 2 Highest Loss Streak 11 | . 1 . . . 5 11 To Critical Strikes . | . . . . . . . Average Slot Usage (%) 84 | . 95 87 100 100 82 47 Engine 13 | . 24 12 25 25 5 4 Core 2 | . . . . . 6 4 Leg 6 | . 21 . . . . 1 Hover 14 | . 3 25 25 25 17 6 Flight 5 | . . . . . 11 7 Device 12 | . 6 12 12 12 18 5 Storage 1 | . . . . . 2 8 Protection 8 | . 12 12 12 12 6 . Energy Gun 8 | . 8 12 12 12 6 9 Ballistic Gun 8 | . 15 12 12 12 4 . Naked Turns . | . . . . . . . Heaviest Build 22 | 6 10 12 12 12 22 20 Greatest Support 33 | 20 20 12 12 12 33 22 Greatest Overweight (x) 5 | . . . . . 1 5 Average Overweight (x) . | . . . . . . . Largest Inventory Capacity 10 | 5 5 5 5 5 10 10 Average Capacity 6 | 5 5 5 5 5 6 10 Most Carried 10 | 5 5 5 5 5 10 10 Average Carried 5 | 2 4 5 5 4 5 6 Final Capacity 10 | 5 5 5 5 5 10 10 Final Carried 9 | 3 5 5 5 5 9 5 Class Distribution -------------------- 69% | Hacker-Mutant 16% | Scavenger-Mutant 11% | Hacker-Sprinter Dominant Class ---------------- Hacker-Mutant | -10/Materials Hacker-Mutant | -10/Mines Hacker-Mutant | -10/Exiles Hacker-Mutant | -9/Mines Scavenger-Mutant | -8/Materials Hacker-Mutant | -8/Storage Resources | -11 -10 -10 -10 -9 -8 -8 ----------- Run | Jun Mat Min Exi Min Mat Sto Matter Collected 1334 | 185 160 38 . 40 681 230 Remotely . | . . . . . . . Salvage Created 2234 | . 264 10 . 75 1373 512 Parts 118 | . 21 . . 8 75 14 Haulers Intercepted 1 | . . . . . 1 . Recyclers Shooed . | . . . . . . . Parts Field Recycled . | . . . . . . . Retrieved Matter . | . . . . . . . Parts Self-Destructed . | . . . . . . . Prevented . | . . . . . . . Kills | -11 -10 -10 -10 -9 -8 -8 ------- Run | Jun Mat Min Exi Min Mat Sto Combat Hostiles Destroyed 49 | . 7 1 . 4 26 11 Melee 7 | . . . . . 7 . Guns 41 | . 7 1 . 4 18 11 Classes Destroyed 11 | . 3 . . 1 7 . Worker 1 | . . . . 1 . . Builder 1 | . . . . . 1 . Hauler 1 | . . . . . 1 . Operator 1 | . . . . . 1 . Watcher 6 | . 2 . . . 4 . Swarmer 14 | . 2 1 . 4 5 2 Grunt 16 | . 5 . . . 7 4 Brawler 1 | . . . . . 1 . Duelist 2 | . . . . . 2 . Sentry 15 | . . . . . 10 5 Hunter 1 | . . . . . 1 . Best Kill Streak 7 | . 3 1 . 3 7 5 Combat Bots Only 7 | . 2 1 . 2 7 5 Max Kills in Single Turn 1 | . 1 1 . 1 1 1 Gunslinging . | . . . . . . . Exploded . | . . . . . . . Melee 1 | . . . . . 1 . Uniques/NPCs Destroyed . | . . . . . . . Combat | -11 -10 -10 -10 -9 -8 -8 -------- Run | Jun Mat Min Exi Min Mat Sto Damage Taken 2115 | . 175 25 . 26 1009 880 Core 635 | . 65 5 . 10 230 325 Absorbed by Shields . | . . . . . . . Redirected to Shielding 83 | . 7 3 . 1 72 . Regen/Repaired (Parts) 32 | . . . . . 32 . Core Remaining (%) 84 | 100 . . . 68 . . Volleys Fired 181 | . 23 4 1 7 89 57 Largest 2 | . 2 2 2 2 2 2 Hottest 93 | . 60 60 60 60 93 65 Shots Fired 295 | . 46 8 2 11 145 83 Gun 295 | . 46 8 2 11 145 83 Cannon . | . . . . . . . Launcher . | . . . . . . . Special . | . . . . . . . Kinetic 108 | . 29 4 1 7 67 . Thermal 187 | . 17 4 1 4 78 83 Explosive . | . . . . . . . Electromagnetic . | . . . . . . . Robot Hit Streak 64 | . 14 3 . 6 64 45 Robot Miss Streak 2 | . 1 1 . 2 1 1 Penetration Max 1 | . . . . . 1 . Secondary Targets 9 | . 2 . . . 1 6 Max Gunslinging Chain 1 | . 1 . . . 1 1 Shots Hit Robots 280 | . 36 5 . 8 154 77 Core Hits 125 | . 20 3 . 5 63 34 Critical Kills . | . . . . . . . Critical Parts Destroyed 1 | . . . . . 1 . Critical Strikes 7 | . . . . . 6 1 Burn 3 | . . . . . 2 1 Destroy 1 | . . . . . 1 . Sever 3 | . . . . . 3 . Melee Attacks 22 | . . . . . 22 . Impact . | . . . . . . . Slashing 22 | . . . . . 22 . Piercing . | . . . . . . . Sneak Attacks 1 | . . . . . 1 . Combat Hostiles 1 | . . . . . 1 . Follow-up Attacks . | . . . . . . . Damage Inflicted 3956 | . 335 53 . 76 2718 774 Guns 3241 | . 335 53 . 76 2010 767 Cannons . | . . . . . . . Explosions . | . . . . . . . Melee 708 | . . . . . 708 . Ramming 7 | . . . . . . 7 Kinetic 1283 | . 194 21 . 54 1014 . Thermal 1958 | . 141 32 . 22 996 767 Explosive . | . . . . . . . Electromagnetic . | . . . . . . . Impact . | . . . . . . . Slashing 708 | . . . . . 708 . Piercing . | . . . . . . . Highest Corruption 1 | . . . . . 1 1 Average Corruption 1 | . . . . . 1 1 Corruption Purged . | . . . . . . . Corruption Blocked . | . . . . . . . Effects 6 | . . . . . 3 3 Message Errors 1 | . . . . . . 1 Matter Fused 2 | . . . . . 2 . Heat Flow Errors 1 | . . . . . . 1 Energy Discharges 1 | . . . . . 1 . Parts Rejected 1 | . . . . . . 1 Overload Shots . | . . . . . . . Overflow Damage 2 | . . . . . 2 . Projectiles . | . . . . . . . Explosions . | . . . . . . . Melee 2 | . . . . . 2 . Knockbacks . | . . . . . . . Impact . | . . . . . . . Kinetic . | . . . . . . . Secondary . | . . . . . . . Self-Inflicted Damage 3 | . . . . . . 3 Shots . | . . . . . . . Rammed 1 | . . . . . . 1 Targets Rammed 1 | . . . . . . 1 Kicked . | . . . . . . . Crushed . | . . . . . . . Highest Temperature 216 | . 200 60 34 99 216 152 Average Temperature 54 | . 64 36 17 47 61 35 Received Heat Transfer 1308 | . 102 . . . 585 621 Effects 1 | . 1 . . . . . Energy Bleed 1 | . 1 . . . . . Siege Activations . | . . . . . . . Robots Corrupted . | . . . . . . . Combat Hostiles . | . . . . . . . Parts Fried . | . . . . . . . Impact Corruptions . | . . . . . . . Robots Melted 1 | . . . . . 1 . Combat Hostiles 1 | . . . . . 1 . Parts Melted 15 | . 1 . . . 5 9 Heat Transferred 5933 | . 325 75 . 50 2560 2923 Parts Sabotaged . | . . . . . . . Parts Stolen . | . . . . . . . Parts Stripped . | . . . . . . . Power Chain Reactions . | . . . . . . . Missiles Intercepted . | . . . . . . . Alert | -11 -10 -10 -10 -9 -8 -8 ------- Run | Jun Mat Min Exi Min Mat Sto Peak Influence 518 | . 151 41 . 105 518 319 Initial 84 | . . 21 . . 28 84 Average 157 | . 50 35 . 56 296 203 Maximum Alert Level 2 | . . . . . 2 1 Low Security (%) 64 | 100 100 100 . 100 21 50 Level 1 25 | . . . . . 52 49 Level 2 9 | . . . . . 26 . Level 3 . | . . . . . . . Level 4 . | . . . . . . . Level 5 . | . . . . . . . High Security . | . . . . . . . Max Security . | . . . . . . . Squads Dispatched 3 | . . . . . 2 1 Investigation . | . . . . . . . Extermination . | . . . . . . . Reinforcement 2 | . . . . . 1 1 Assault . | . . . . . . . Garrison 1 | . . . . . 1 . Intercept . | . . . . . . . Searches Triggered . | . . . . . . . Construction Impeded . | . . . . . . . Haulers Reinforced . | . . . . . . . Active Scanning Responses . | . . . . . . . Cargo Convoy Interrupts . | . . . . . . . Stealth | -11 -10 -10 -10 -9 -8 -8 --------- Run | Jun Mat Min Exi Min Mat Sto Distress Signals 3 | . . . . 1 . 2 Communications Jammed . | . . . . . . . Distress Signals . | . . . . . . . Times Spotted 69 | . 13 2 . 4 33 17 Peak Tracking Total 7 | . 2 2 . 2 6 7 Tactical Retreats . | . . . . . . . Traps | -11 -10 -10 -10 -9 -8 -8 ------- Run | Jun Mat Min Exi Min Mat Sto Traps Triggered 3 | . 1 . . . 2 . Indirectly . | . . . . . . . Trap Hack Attempts . | . . . . . . . Triggered . | . . . . . . . Disarmed . | . . . . . . . Reprogrammed . | . . . . . . . Reused . | . . . . . . . Traps Extracted . | . . . . . . . Installed . | . . . . . . . Triggered . | . . . . . . . Machines | -11 -10 -10 -10 -9 -8 -8 ---------- Run | Jun Mat Min Exi Min Mat Sto Machines Disabled 2 | . . . . . 2 . Max in Single Turn 1 | . . . . . 1 . Garrison Access 1 | . . . . . 1 . Machines Repaired . | . . . . . . . Machines Sabotaged . | . . . . . . . Overloaded Fab Kills . | . . . . . . . Hacking | -11 -10 -10 -10 -9 -8 -8 --------- Run | Jun Mat Min Exi Min Mat Sto Machines Accessed 28 | . 9 . . 1 15 3 Terminals 19 | . 7 . . 1 9 2 Fabricators . | . . . . . . . Repair Stations 2 | . . . . . 1 1 Recycling Units 4 | . 2 . . . 2 . Scanalyzers 2 | . . . . . 2 . Garrison Access 1 | . . . . . 1 . Total Hacks 85 | . 22 . . 2 48 13 Successful 59 | . 14 . . 2 36 7 Failed 26 | . 8 . . . 12 6 Catastrophic 1 | . . . . . 1 . Database Lockouts . | . . . . . . . Manual . | . . . . . . . Terminals 57 | . 19 . . 2 28 8 Fabricators . | . . . . . . . Repair Stations 7 | . . . . . 2 5 Recycling Units 8 | . 3 . . . 5 . Scanalyzers 12 | . . . . . 12 . Garrison Access 1 | . . . . . 1 . Terminal Hacks 35 | . 11 . . 2 16 6 Record 9 | . 2 . . 2 4 1 Part Schematic 2 | . . . . . . 2 Prototype ID Bank 1 | . . . . . . 1 Branch Access Points 1 | . . . . . 1 . Emergency Access Points 2 | . . . . . 2 . Machine Index 1 | . . . . . 1 . Repair Station Index 2 | . 1 . . . 1 . Alert Level 1 | . . . . . 1 . Locate Traps 4 | . 1 . . . 2 1 Dispatch Records 1 | . 1 . . . . . Security Status 2 | . . . . . 2 . Hauler Manifests 2 | . 2 . . . . . Registered Prototypes 2 | . 1 . . . 1 . Zone Layout 5 | . 3 . . . 1 1 Fabricator Hacks . | . . . . . . . Repair Station Hacks 3 | . . . . . 2 1 Scan Component 1 | . . . . . 1 . Repair 1 | . . . . . 1 . Refit 1 | . . . . . . 1 Recycling Unit Hacks 8 | . 3 . . . 5 . Report Inventory 5 | . 2 . . . 3 . Retrieve Components 3 | . 1 . . . 2 . Scanalyzer 12 | . . . . . 12 . Insert Component 6 | . . . . . 6 . Analyze 6 | . . . . . 6 . Garrison Access Hacks 1 | . . . . . 1 . Seal Access 1 | . . . . . 1 . Unauthorized Hacks . | . . . . . . . Terminals . | . . . . . . . Fabricators . | . . . . . . . Repair Stations . | . . . . . . . Recycling Units . | . . . . . . . Scanalyzers . | . . . . . . . Garrison Access . | . . . . . . . Data Cores Recovered . | . . . . . . . Used . | . . . . . . . Hacking Detections 22 | . 8 . . 1 12 1 Full Trace Events 1 | . . . . . 1 . Feedback Events . | . . . . . . . Feedback Blocked . | . . . . . . . Robot Schematics Acquired . | . . . . . . . Robots Built . | . . . . . . . Authchips . | . . . . . . . Time . | . . . . . . . Total Robot Build Rating . | . . . . . . . Part Schematics Acquired 8 | . . . . . 6 2 Parts Built . | . . . . . . . Authchips . | . . . . . . . Time . | . . . . . . . Total Part Build Rating . | . . . . . . . Parts Repaired 1 | . . . . . 1 . Time 26 | . . . . . 26 . Parts Recycled . | . . . . . . . Recycled Matter . | . . . . . . . Retrieved Matter . | . . . . . . . Retrieved Components 21 | . 2 . . . 19 . Parts Scanalyzed 6 | . . . . . 6 . Part Schematics Acquired 6 | . . . . . 6 . Parts Damaged . | . . . . . . . Bothacking | -11 -10 -10 -10 -9 -8 -8 ------------ Run | Jun Mat Min Exi Min Mat Sto Used RIF Installer . | . . . . . . . Robots Hacked . | . . . . . . . Non-combat . | . . . . . . . Combat . | . . . . . . . Robot Hacks Applied . | . . . . . . . Relay Couplers Released . | . . . . . . . Fabnet Peak Effective % . | . . . . . . . Robots Rewired . | . . . . . . . Allies Hacked . | . . . . . . . Hacks Repelled . | . . . . . . . Allies | -11 -10 -10 -10 -9 -8 -8 -------- Run | Jun Mat Min Exi Min Mat Sto Total Allies . | . . . . . . . Largest Group . | . . . . . . . Highest-Rated Group . | . . . . . . . Highest-Rated Ally . | . . . . . . . Total Orders . | . . . . . . . Ally Attacks . | . . . . . . . Total Damage . | . . . . . . . Kills . | . . . . . . . Allies Corrupted . | . . . . . . . Allies Melted . | . . . . . . . Intel | -11 -10 -10 -10 -9 -8 -8 ------- Run | Jun Mat Min Exi Min Mat Sto Robot Analysis Total . | . . . . . . . Derelict Logs Recovered 1 | . . . . 1 . . Drone Launches . | . . . . . . . Drone Recoveries . | . . . . . . . Exploration | -11 -10 -10 -10 -9 -8 -8 ------------- Run | Jun Mat Min Exi Min Mat Sto Turns Passed 2520 | 69 703 316 78 160 917 277 Spaces Moved 2871 | 52 610 487 135 201 1211 175 Core 39 | 13 . . . . 19 7 Treads . | . . . . . . . Legs 482 | 39 427 . . . . 16 Wheels . | . . . . . . . Hover 1621 | . 183 487 135 201 532 83 Flight 729 | . . . . . 660 69 Fastest Speed 27 | 50 56 56 56 56 27 27 Average Speed 59 | 102 100 56 56 56 38 61 Slowest Speed 300 | 120 120 56 56 56 100 300 Overloaded Moves . | . . . . . . . Propulsion Burnouts . | . . . . . . . Robots Hopped 2 | . . . . . 2 . Cave-ins Triggered . | . . . . . . . Exploration Rate (%) 59 | 4 87 90 52 52 100 28 Regions Visited 6 Branch Regions 4 Pre-discovered Areas 1 | . . . . 1 . . Known Exits Taken 6 | 1 1 1 1 1 1 . Unknown Exits Taken . | . . . . . . . Scrap Searched . | . . . . . . . Spaces Dug . | . . . . . . . Terrain Destroyed . | . . . . . . . Melee . | . . . . . . . Projectile . | . . . . . . . AOE . | . . . . . . . Terrain Rammed . | . . . . . . . Walls Destroyed . | . . . . . . . Machines Disabled . | . . . . . . . Actions | -11 -10 -10 -10 -9 -8 -8 --------- Run | Jun Mat Min Exi Min Mat Sto Total 3367 | 67 661 521 135 238 1482 263 Wait 120 | . 3 26 . 24 65 2 Move 2861 | 51 609 486 134 200 1206 175 Hop 2 | . . . . . 2 . Pick Up 49 | 9 11 1 . 1 21 6 Fast Attach 13 | 1 . 1 . 1 9 1 Attach 38 | 5 6 . . . 17 10 Detach 10 | . . . . . 7 3 Swap 33 | . 1 2 . 2 24 4 Drop 37 | 1 8 1 . 3 20 4 Fire 181 | . 23 4 1 7 89 57 Melee 22 | . . . . . 22 . Ram 1 | . . . . . . 1 Kick . | . . . . . . . Crush . | . . . . . . . Escape Stasis . | . . . . . . . Rewire . | . . . . . . . Trap . | . . . . . . . Miscellaneous . | . . . . . . . Route ------- -11/Junkyard -10/Materials (discovered 4 exits: *Mat x3 / *Min) -10/Mines (discovered 3 exits: *Mat x2 / *Exi) -10/Exiles -9/Mines -8/Materials (discovered 5 exits: *Fac x3 / *Sto x2) -8/Storage History --------- Turn | Location | Event 8 | -11/Junkyard | Identified exit to Materials 8 | -11/Junkyard | Discovered exit to Materials (range 15) 70 | -11/Junkyard | Entered Materials 70 | -10/Materials | Evolved 1 slot: Power x1 196 | -10/Materials | Identified exit to Materials 196 | -10/Materials | Discovered exit to Materials (range 16) 314 | -10/Materials | Build established: Hacker-Mutant 356 | -10/Materials | Discovered exit to Materials (range 14) 503 | -10/Materials | Discovered exit to Materials (range 8) 698 | -10/Materials | Identified exit to Mines 698 | -10/Materials | Discovered exit to Mines (range 7) 773 | -10/Materials | Entered Mines 830 | -10/Mines | Found a damaged Exp. Sensor Array with a note attached 831 | -10/Mines | Found Prototype Device 832 | -10/Mines | Identified Exp. Sensor Array 893 | -10/Mines | Discovered exit to Materials (range 10) 981 | -10/Mines | Found a hidden stash of uninstalled traps 1006 | -10/Mines | Discovered exit to Materials (range 8) 1087 | -10/Mines | Deemed a non-threat by the Exiles lab entrance 1087 | -10/Mines | Identified exit to Exiles 1087 | -10/Mines | Discovered exit to Exiles (range 5) 1089 | -10/Mines | Entered Exiles 1105 | -10/Exiles | Met 8R-AWN 1114 | -10/Exiles | Met EX-HEX 1130 | -10/Exiles | Met EX-BIN 1139 | -10/Exiles | Met EX-DEC 1158 | -10/Exiles | Identified exit to Mines 1158 | -10/Exiles | Discovered exit to Mines (range 14) 1167 | -10/Exiles | Entered Mines 1168 | -9/Mines | Learned location of Storage (-8) 1168 | -9/Mines | Assembled infested the area 1173 | -9/Mines | Assisted by a Guerilla fighting off Assembled 1200 | -9/Mines | Received a Rocket Launcher from a helpful Derelict 1289 | -9/Mines | Identified exit to Materials 1289 | -9/Mines | Discovered exit to Materials (range 6) 1320 | -9/Mines | Learned Materials garrison access intel 1327 | -9/Mines | Entered Materials 1327 | -8/Materials | Evolved 4 slots: Propulsion x2, Utility x2 1328 | -8/Materials | Loaded intel: 1 garrison access location 1334 | -8/Materials | Identified exit to Storage 1334 | -8/Materials | Discovered exit to Storage (range 10) 1519 | -8/Materials | Repaired Propulsion Shielding 1617 | -8/Materials | Identified exit to Factory 1617 | -8/Materials | Discovered exit to Factory (range 3) 1756 | -8/Materials | Build established: Scavenger-Mutant 1768 | -8/Materials | Discovered exit to Factory (range 6) 1834 | -8/Materials | Lost 3 parts (1p2n) 1839 | -8/Materials | Garrison activated, responded to threat 1897 | -8/Materials | Lost 5 parts (1p2n1u1w) 1918 | -8/Materials | Destroyed 7 combat bots 2121 | -8/Materials | Discovered exit to Factory (range 16) 2244 | -8/Materials | Entered Storage 2372 | -8/Storage | Core integrity fell below 50% 2412 | -8/Storage | Core integrity fell below 20% 2488 | -8/Storage | Lost 11 parts (2p6n2u1w) 2521 | -8/Storage | Destroyed by Y-45 Defender with Heavy Assault Rifle Last Messages --------------- 02451_ R-06 Scavenger collects Beam Rifle. 02456_ G-47 Trooper destroyed. 02457_ Flight Unit destroyed. 02459_ System corrupted: Heat flow error (+153). 02460_ R-06 Scavenger collects Aluminum Leg. 02462_ Imp. Heat Sink melted. 02462_ G-47 Trooper destroyed. 02463_ R-06 Scavenger collects Hvy. Assault Rifle. 02467_ Acquired Aluminum Leg. 02469_ Acquired 59 matter. 02473_ Acquired Lgt. Nuclear Core. 02480_ Acquired 52 matter. 02483_ K-01 Serf collects debris. 02484_ Acquired 50 matter. 02486_ Acquired 24 matter. 02486_ K-01 Serf collects debris. 02497_ W-25 Informer distress signal alerts nearby ally. 02511_ U-05 Engineer builds a Door. 02518_ K-01 Serf collects debris. 02518_ Lgt. Deuterium Engine destroyed. Map ----- +----------------------------------------------------+ | #????# ?????????????????????? | | "" #???## """?????????????????????? | | T" ##??# """?????????????????????? | | ""% #??## """?????????????????????? | | =*##???# ?????????????????????? | | #################+###????????????????? | | ???????????????? | | ???????????????? | | ^ ? ???????????? | | #######+########?????? ???????????? | | ##???# ## ??????# Y ???????????? | | T#???# ## ??????# #??????????? | | ###### """" ## ??????# #??????????? | | ###""" """" ## ??????# #??????????? | | ###"R """" ## ??????# #??????????? | | ###""" """" ## ??????# +??????????? | | ###### ## ??????# #??????????? | | ##???# """" ## ??????# #??????????? | | ?????# """" #?????????# #??????????? | | ?????# """" #?????????# uY##########?? | | ?????# """" ##????????# # ### | | ###### #????????# # """"" ""# | | + ##????????#k # """"" T"# | | #########+########% # """"" ""# | | #### %# # ##? | | / ! %+% @/ """"" #?? | | ##+###### #% # """"" #?? | | # ?????# ! # u # %""""" #?? | | #""?????# # #% * #?? | | #""?????# !# w##"!"#####?? | | #""?????####+########## ##"R"#?????? | | # ???????????????????# ##"""#?????? | | ??????????????????????# ######?????? | | ??????????????????????# #??????????? | | ??????????????????????# #??????????? | | ??????????????????????+ #??????????? | | ??????????????????????# #??????????? | | ??????????????????????# #??????????? | | ??????????????????????# #??????????? | | ??????????????????????# #??????????? | | ??????????????????????# ???????????? | | ??????????????????????? ???????????? | | ?????????????????????????????????????? | | ?????????????????????????????????????? | | ?????????????????????????????????????? | | ?????????????????????????????????????? | | ?????????????????????????????????????? | | ?????????????????????????????????????? | | ?????????????????????????????????????? | | ?????????????????????????????????????? | +----------------------------------------------------+ Best States ------------- Heat Dissipation 59 Energy Generation 23 Energy Capacity 275 Matter Stores 300 Matter Capacity 300 Sight Range 16 Terrain Scan Density 10 Additional Mass Support 6 Resistance: KI 35 Resistance: TH 35 Resistance: EX 35 Resistance: EM 35 Resistance: I 35 Resistance: S 35 Resistance: P 35 Propulsion Shielding 33 Evasion (%) 64 Targeting Accuracy 5 Offensive Hacking 20 Item Schematics ----------------- Matter Filter | -8/Materials | Scanalyzed Mining Laser | -8/Materials | Scanalyzed Hover Unit | -8/Materials | Scanalyzed Imp. Hover Unit | -8/Materials | Scanalyzed Imp. Heat Sink | -8/Materials | Scanalyzed Airjet | -8/Materials | Scanalyzed Adv. Heat Sink | -8/Storage | Hacked Flexi-carbon Leg | -8/Storage | Hacked Robot Schematics ------------------ None Fabricated ------------ Nothing Alien Tech Used ----------------- None Achievements -------------- None Challenges ------------ None Game ------ Seed MicroSurgeChronowheel Manual? 0 Play Time 00:47:18 Cumulative 208.2 hours Start 2024.02.05 @ 12:37:26 End 2024.02.06 @ 22:58:22 Sessions 5 Manual Loads 0 Difficulty Explorer Special Mode None Game No. 156 Rogue 0 Adventurer 102 Explorer 54 Win Type - Total 0 Types 0/0/0/0/0/0/0/0/0 Lore% 50 Gallery% 66 Achievement% 50 Wizard Run 0 Options --------- ASCII 0 Keyboard 0 Movement Mouse Keybinds 0 Fullscreen 0 Font 20/SmallcapsGlow Map View 76x50 Tactical HUD 1 Map Filters NONE Filters NONE Steam 1 RUN: f85b1c79-3e79-4a86-bbe4-05564954bd1f